 Dungeon Crawl Stone Soup version 0.21.0-3-g78d12a8bdd (webtiles) character file.

1309 GuyWithAPlan the Chopper (level 8, -2/63 HPs)
             Began as a Formicid Fighter on Jan 12, 2018.
             Was a Follower of Qazlal.
             Slain by Nightblair's ghost (22 damage)
             ... on level 5 of the Dungeon.
             The game lasted 00:13:11 (4257 turns).

GuyWithAPlan the Chopper (Formicid Fighter)         Turns: 4257, Time: 00:13:11

Health: -2/63      AC:  5    Str: 22    XL:     8   Next: 88%
Magic:  8/8        EV: 11    Int: 13    God:    Qazlal [*.....]
Gold:   386        SH: 14    Dex: 10    Spells: 7/7 levels left

rFire    . . .     SeeInvis +   a - +0 war axe
rCold    . . .     Gourm    .   u - +0 shield
rNeg     . . .     Faith    .   r - +1 leather armour "Nats" {Regen+ rCorr Int+4}
rPois    .         Spirit   .   (helmet unavailable)
rElec    .         Reflect  +   n - +0 cloak
rCorr    +         Harm     .   (no gloves)
MR       .....                  (no boots)
Stlth    +.........             i - +2 amulet of reflection
HPRegen  0.60/turn              m - ring of wizardry
MPRegen  0.11/turn              (no ring)

@: no status effects
A: permanent stasis, dig shafts and tunnels, four strong arms, antennae 3
a: Dig, Shaft Self, Renounce Religion


You were on level 5 of the Dungeon.
You worshipped Qazlal.
Qazlal was aware of your devotion.
You were hungry.

You visited 2 branches of the dungeon, and saw 8 of its levels.

You collected 386 gold pieces.

Inventory:

Hand Weapons
 a - a +0 war axe (weapon)
Armour
 b - a +0 scale mail
 c - a +0 shield
 g - a +2 buckler
 n - a +0 cloak (worn)
 r - the +1 leather armour "Nats" (worn) {Regen+ rCorr Int+4}
   (You found it on level 4 of the Dungeon)

   It affects your intelligence (+4).
   It increases your rate of regeneration.
   It protects you from acid and corrosion.
 u - a +0 shield (worn)
Jewellery
 i - a +2 amulet of reflection (around neck)
 m - a ring of wizardry (left hand)
Wands
 x - a wand of polymorph (19)
 y - a wand of enslavement (14)
 z - a wand of iceblast (11)
Scrolls
 e - 4 scrolls of remove curse {unknown}
 h - 2 scrolls of fear {unknown}
 k - a scroll of noise {unknown}
 o - a scroll of amnesia {unknown}
 q - a scroll of blinking {unknown}
 w - 2 scrolls of identify
Potions
 d - 2 potions of might
 j - 5 potions of flight
 l - a potion of agility
 p - 3 potions of curing
 s - a potion of haste {unknown}
 v - a potion of lignification {unknown}
 A - a potion of heal wounds {unknown}
Books
 t - a book of Minor Magic

   Spells                             Type                      Level
   a - Magic Dart                     Conjuration                  1
   b - Blink                          Translocation                2
   c - Call Imp                       Summoning                    2
   d - Slow                           Hexes                        2
   e - Conjure Flame                  Conjuration/Fire             3
   f - Mephitic Cloud                 Conjuration/Poison/Air       3
Comestibles
 f - 5 rations


   Skills:
 + Level 5.6 Fighting
 + Level 6.7 Axes
 + Level 4.9 Armour
 + Level 2.3 Dodging
 + Level 1.3 Stealth
 + Level 6.5 Shields


You had 7 spell levels left.
You didn't know any spells.

Dungeon Overview and Level Annotations

Branches:
Dungeon (7/15)             Temple (1/1) D:4

Altars:
Cheibriados
Elyvilon
Fedhas
Hepliaklqana
Kikubaaqudgha
Nemelex Xobeh
Okawaru
Qazlal
Ru
Sif Muna
Trog
Vehumet
Wu Jian
Yredelemnul
Zin
Jiyva

Shops:
D:5 [   D:6 *

Annotations:
D:5 Nightblair's ghost, novice MiBe


Innate Abilities, Weirdness & Mutations

You cannot be hasted, slowed, berserked, paralysed or teleported.
You can dig through walls and to a lower floor.
Your four strong arms can wield two-handed weapons with a shield.
You have a pair of large antennae on your head. (SInv)


Message History

You block Nightblair's ghost's attack.
You closely miss Nightblair's ghost.
Nightblair's ghost is moderately damaged.
You block Nightblair's ghost's attack.
Press: ? - help, v - describe, . - travel The floor.
You slash Nightblair's ghost!
Nightblair's ghost is heavily damaged.
You block Nightblair's ghost's attack.
You barely miss Nightblair's ghost.
Nightblair's ghost is heavily damaged.
You block Nightblair's ghost's attack. Nightblair's ghost hits you!!
You completely miss Nightblair's ghost.
Nightblair's ghost is heavily damaged.
Nightblair's ghost hits you!
You miss Nightblair's ghost.
Nightblair's ghost is heavily damaged.
Nightblair's ghost hits you! Nightblair's ghost hits you!!
You die...

#.# #.# #.# #.#
#.# #.#
###.#######
#.W@.......
#.#########
#..W....#
#######.# #. #.#
#..#.# #..#.##
#.....###########
#.##..#....#.....


You could see Nightblair's ghost.

Vanquished Creatures
  2 sky beasts (D:6)
  A necrophage (D:5)
  A phantom (D:6)
  2 ogres (D:6)
  3 scorpions
  A howler monkey (D:5)
  2 crimson imps (D:5)
  2 jellies (D:6)
  An orc priest (D:6)
  A hound (D:4)
  An orc wizard (D:3)
  2 centaur skeletons
  2 iguanas
  A worker ant (D:6)
  A hound skeleton (D:4)
  4 gnolls (D:5)
  7 adders
  2 shadow imps
  An ooze (D:1)
  3 worms
  4 dart slugs
  2 leopard geckos
  8 orcs
  3 giant cockroaches
  7 goblins
  6 hobgoblins
  11 jackals
  5 kobolds
  A ball python (D:1)
  5 bats
  2 frilled lizards (D:2)
  A giant cockroach zombie (D:5)
  A quokka skeleton (D:6)
  9 rats (D:1)
105 creatures vanquished.

Notes
Turn   | Place    | Note
-------+----------+-------------------------------------------
     0 | D:1      | GuyWithAPlan the Formicid Fighter began the quest for the Orb.
     0 | D:1      | Reached XP level 1. HP: 18/18 MP: 1/1
    87 | D:1      | Reached XP level 2. HP: 24/24 MP: 2/2
   310 | D:1      | Reached XP level 3. HP: 19/29 MP: 3/3
  1042 | D:2      | Reached XP level 4. HP: 37/37 MP: 4/4
  1117 | D:2      | Reached XP level 5. HP: 30/42 MP: 5/5
  1249 | D:2      | Found an ancient bone altar of Kikubaaqudgha.
  1527 | D:2      | Found a radiant altar of Vehumet.
  1911 | D:3      | Reached XP level 6. HP: 43/49 MP: 6/6
  2252 | D:4      | Found a blossoming altar of Fedhas.
  2323 | D:4      | Found a staircase to the Ecumenical Temple.
  2339 | Temple   | Entered the Ecumenical Temple
  2480 | Temple   | Became a worshipper of Qazlal Stormbringer
  2687 | D:4      | Found a white marble altar of Elyvilon.
  2731 | D:4      | Got an ichor-stained leather armour
  2734 | D:4      | Identified the +1 leather armour "Nats" {Regen+ rCorr Int+4} (You found it on level 4 of the Dungeon)
  2863 | D:5      | Entered Level 5 of the Dungeon
  2956 | D:5      | Noticed a necrophage
  2963 | D:5      | Killed a necrophage
  2963 | D:5      | Reached skill level 5 in Shields
  2963 | D:5      | Reached XP level 7. HP: 55/55 MP: 7/7
  3010 | D:5      | Found Jelyps's Antique Armour Boutique.
  3065 | D:5      | Reached skill level 1 in Dodging
  3098 | D:6      | Reached skill level 5 in Axes
  3217 | D:5      | Reached XP level 8. HP: 55/61 MP: 8/8
  3218 | D:5      | Noticed Nightblair's ghost (novice MiBe)
  3245 | D:5      | Reached skill level 1 in Stealth
  3394 | D:6      | Reached skill level 5 in Fighting
  3569 | D:6      | Found an ornate altar of the Wu Jian Council.
  3656 | D:6      | Reached * piety under Qazlal
  3676 | D:6      | Found Gaopt's General Store.
  3759 | D:6      | Found a basalt altar of Yredelemnul.
  4257 | D:5      | Slain by Nightblair's ghost

Skill      XL: |  1  2  3  4  5  6  7  8 |
---------------+-------------------------+-----
Shields        | 4 5 6 |  6.5
Axes           | 3 4 5 6 |  6.7
Armour         | 4 |  4.9
Fighting       | 4 5 |  5.6
Dodging        | 1 2 |  2.3
Stealth        | 1 |  1.3

Action                   |  1- 3 |  4- 6 |  7- 9 || total
-------------------------+-------+-------+-------++-------
Melee: War axe           |   109 |   158 |   187 ||   454
  Use: Scroll            |       |     4 |       ||     4
  Eat: Chunk             |       |     7 |     4 ||    11
Armor: Scale mail        |    39 |    42 |       ||    81
       Leather armour    |       |     4 |    31 ||    35
Dodge: Dodged            |    39 |    46 |    64 ||   149
Block: Shield            |    55 |    88 |    87 ||   230
